 Dungeon Crawl Stone Soup version 0.29.0-13-gc9e81de378 (webtiles) character file.

Game seed: 9148869699960793493

105 apoch the Chopper (level 4, -10/35 HPs)
             Began as a Minotaur Fighter on Sept 10, 2022.
             Was a Believer of Hepliaklqana.
             Mangled by an ogre
             ... wielding a +0 giant club
              (16 damage)
             ... on level 3 of the Dungeon.
             The game lasted 00:02:29 (2124 turns).

apoch the Chopper (Minotaur Fighter)                Turns: 2124, Time: 00:02:30

Health: -10/35     AC:  6    Str: 22    XL:     4   Next: 54%
Magic:  3/3        EV:  9    Int:  5    God:    Hepliaklqana [**....]
Gold:   158        SH:  4    Dex: 10    Spells: 3/3 levels left

rFire   . . .      SeeInvis .   a - +0 war axe
rCold   . . .      Faith    .   c - +0 buckler
rNeg    . . .      Spirit   .   b - +0 scale mail
rPois   .          Reflect  .   (helmet restricted)
rElec   .          Harm     .   (no cloak)
rCorr   .          Rampage  .   (no gloves)
Will    ++...                   (no boots)
Stlth   ..........              (no amulet)
HPRegen 0.11/turn               n - ring of willpower
MPRegen 0.08/turn               f - ring of willpower

@: mighty
A: reduced essence, horns 2, retaliatory headbutt
a: Renounce Religion, Recall Ancestor, Ancestor Identity


You were on level 3 of the Dungeon.
You worshipped Hepliaklqana.
Hepliaklqana was pleased with you.
You visited 1 branch of the dungeon, and saw 3 of its levels.

You collected 158 gold pieces.

Inventory:

Hand Weapons
 a - a +0 war axe (weapon)
Armour
 b - a +0 scale mail (worn)
 c - a +0 buckler (worn)
Jewellery
 f - a ring of willpower (right hand)
 n - a ring of willpower (left hand)
Wands
 q - a wand of quicksilver (1)
Scrolls
 e - 2 scrolls of blinking {unknown}
 g - a scroll of acquirement {unknown}
 h - a scroll of poison {unknown}
 l - 2 scrolls of identify {unknown}
 m - a scroll of vulnerability {unknown}
 o - a scroll of noise {unknown}
 p - a scroll of enchant weapon {unknown}
 r - a scroll of teleportation {unknown}
 s - a scroll of enchant armour {unknown}
 u - a scroll of immolation {unknown}
Potions
 i - a potion of haste {unknown}
 j - a potion of attraction {unknown}
 k - a potion of degeneration {unknown}
 t - a potion of curing {unknown}
 v - 2 potions of flight {unknown}


   Skills:
 - Level 3.6 Fighting
 + Level 5.7 Axes
 - Level 3.6 Armour
 - Level 3.6 Shields
 + Level 0.6 Invocations


You had 3 spell levels left.
You didn't know any spells.
Your spell library contained the following spells:

 Spells                   Type           Power      Damage    Failure   Level
 Freezing Cloud           Conj/Ice/Air   0%         6-21      100%        5
 Simulacrum               Ice/Necr       0%         N/A       100%        6
 Polar Vortex             Ice            0%         N/A       100%        9


Dungeon Overview and Level Annotations

Branches:
Dungeon (3/15)

Altars:
Hepliaklqana

Shops:
D:1 =


Innate Abilities, Weirdness & Mutations

Your life essence is reduced to manifest your ancestor. (-10% HP)
You have a pair of horns on your head.
You reflexively headbutt those who attack you in melee.


Message History

The goblin closely misses Belessunu.
The goblin barely misses Belessunu.
The goblin shoots a sling bullet.
The sling bullet barely misses Belessunu.
The sling bullet completely misses you.
Belessunu hits the goblin with a +0 quarterstaff!
The goblin dies!
The goblin hits Belessunu but does no damage.
The goblin hits Belessunu with a +0 club.
Belessunu closely misses the goblin.
The goblin barely misses Belessunu.
The goblin hits Belessunu with a +1 dagger of holy wrath.
The goblin hits Belessunu with a +0 club.
Belessunu hits the goblin with a +0 quarterstaff!
The goblin dies!
The goblin closely misses Belessunu.
The goblin barely misses Belessunu.
Belessunu hits the goblin with a +0 quarterstaff!
The goblin dies!
The goblin hits Belessunu with a +0 dagger.
The goblin hits Belessunu with a +1 dagger of holy wrath.
Belessunu hits the goblin with a +0 quarterstaff!
The goblin dies!
The goblin hits Belessunu but does no damage.
The ogre hits Belessunu with a +0 giant club!!
Belessunu is destroyed!
You closely miss the goblin. You block the goblin's attack.
The goblin hits you but does no damage.
You slash the goblin!
You kill the goblin!
You slash the goblin!
You kill the goblin!
You hit the ogre.
The ogre is lightly wounded.
The ogre hits you with a +0 giant club!!
Ouch! That really hurt!
* * * LOW HITPOINT WARNING * * *
You are too injured to fight recklessly!
You are too injured to fight recklessly!
You feel very mighty all of a sudden. The ogre hits you with a +0 giant club!
You die...

#########...#.###.###
#.....##.#..R## ##R.###
#.....###...## ##...#
#............## ##..#.#
#.....##....#.###.#.#.#
#...........##R#..#.#.#
##..####)..####.#.#.#.#
#..# ##.## ###.#.#.#
#..# #.#
#@)#<#.########## #..#
#.# #O##............#
#..# #.#
)))#..#########.#
##..#####.# #...#..#
#.# ..........#
#..(#..# #.#
###.####### #####..#
#.# ###.....#
#.#...##### #.#
......#.# #.........#
#.# #####.#.#
###...###.# #.#


You could see an ogre.

Vanquished Creatures
  Jessica (D:2)
  2 adders (D:2)
  2 dart slugs
  An orc (D:3)
  2 ball pythons (D:1)
  7 bats
  7 endoplasms
  2 giant cockroaches
  4 goblins
  A hobgoblin (D:1)
  7 jackals
  2 kobolds (D:1)
  2 frilled lizards
  3 rats
43 creatures vanquished.

Vanquished Creatures (collateral kills)
  A giant cockroach (D:2)
  5 goblins (D:3)
6 creatures vanquished.

Vanquished Creatures (others)
  A battlemage (D:3)
1 creature vanquished.

Grand Total: 50 creatures vanquished

Notes
Turn   | Place    | Note
-------+----------+-------------------------------------------
     0 | D:1      | apoch the Minotaur Fighter began the quest for the Orb.
     0 | D:1      | Reached XP level 1. HP: 19/19 MP: 0/0
   120 | D:1      | Reached skill level 3 in Axes
   232 | D:1      | Reached XP level 2. HP: 26/26 MP: 1/1
   324 | D:1      | Found Usuabb's Jewellery Shoppe.
   569 | D:1      | Reached skill level 4 in Axes
   594 | D:1      | Found a faded altar of an unknown god.
   609 | D:1      | Prayed at the altar of an unknown god.
   609 | D:1      | Became a worshipper of Hepliaklqana the Forgotten
   609 | D:1      | Reached * piety under Hepliaklqana
  1100 | D:2      | Reached XP level 3. HP: 27/27 MP: 2/2
  1484 | D:2      | Noticed Jessica
  1489 | D:2      | Killed Jessica
  1490 | D:2      | Reached skill level 5 in Axes
  1490 | D:2      | Reached XP level 4. HP: 35/35 MP: 3/3
  1773 | D:3      | Reached ** piety under Hepliaklqana
  1774 | D:3      | Remembered your ancestor Belessunu as a battlemage
  2111 | D:3      | Noticed an ogre
  2124 | D:3      | Mangled by an ogre

Illustrated notes

Levels and vault maps discovered:
D:1:      dpeg_arrival_water_temple_mockup, layout_loops_corners, serial_shops,
          nicolae_shop_trees, hellmonk_ecumenical_altar_lost_god,
          chequers_avenue
D:2:      layout_basic, uniq_jessica
D:3:      layout_loops_ring, mainiacjoe_overflow_brackets, minmay_ogre_servants

Skill      XL: |  1  2  3 |
---------------+----------+-----
Axes           | 3 4 5 |  5.7
Fighting       | |  3.6
Armour         | |  3.6
Shields        | |  3.6
Invocations    | |  0.6

Action                   |  1- 3 |  4- 6 || total
-------------------------+-------+-------++-------
Melee: War axe           |    50 |    18 ||    68
       Headbutt          |     7 |     1 ||     8
Throw: Stone             |    10 |       ||    10
Invok: Ancestor Life: Ba |       |     1 ||     1
  Use: Potion            |       |     1 ||     1
Armor: Scale mail        |    18 |     5 ||    23
Dodge: Dodged            |    17 |     8 ||    25
Block: Buckler           |     7 |     2 ||     9
